General information
- name: BNet
- type: Ladder team game (AT/RT)
- host: Battle.net
- saver: YEEEEEEEAAAAAAH
map: Deadlock
- players: 8
- length: 26:54
- speed: Fast
- version: 1.26 W3XP
- replay type: Public
» download(198 KB)
Players
team 1 (winner)
Suck.Bang.Blow. (
green | 34 APM | 906 actions | 26:52)
9 Tauren Chieftain
3 War Stomp
3 Endurance Aura
1 Reincarnation
2 Shockwave
» actions
| Basic commands | 2 | |
| Build / train | 78 | |
| Enter build submenu | 21 | |
| Enter hero's abilities submenu | 9 | |
| Right click | 374 | |
| Select / deselect | 366 | |
| Use ability | 56 | |
906 total
» units
| Peon | 18 | |
| Grunt | 5 | |
| Shaman | 13 | |
| Tauren | 10 | |
46 total
» upgrades
| Armor | 3 | |
| Melee Weapons | 3 | |
| Shaman Training | 2 | |
| Pulverize | 1 | |
9 total
» buildings
| Orc Burrow | 8 | |
| Barracks | 1 | |
| Altar of Storms | 1 | |
| War Mill | 1 | |
| Voodoo Lounge | 1 | |
| Stronghold | 1 | |
| Watch Tower | 3 | |
| Great Hall | 2 | |
| Spirit Lodge | 1 | |
| Fortress | 1 | |
| Tauren Totem | 2 | |
22 total
» build order
00:08 Orc Burrow
00:39 Barracks
00:56 Altar of Storms
01:22 Orc Burrow
03:06 War Mill
03:17 Voodoo Lounge
04:25 Stronghold
04:31 Orc Burrow
04:51 Watch Tower
05:32 Watch Tower
05:39 Orc Burrow
06:04 Watch Tower
06:47 Great Hall
07:33 Spirit Lodge
07:52 Fortress
10:40 Tauren Totem
11:19 Tauren Totem
13:05 Orc Burrow
16:15 Orc Burrow
16:56 Orc Burrow
17:49 Great Hall
20:23 Orc Burrow
» items
| Healing Salve | 2 | |
| Lesser Clarity Potion | 3 | |
| Orb of Lightning | 1 | |
| Potion of Healing | 2 | |
| Scroll of Town Portal | 3 | |
11 total

»
serphnt (
blue | 46 APM | 1242 actions | 26:52)
8 Archmage
2 Blizzard
3 Summon Water Elemental
1 Mass Teleport
2 Brilliance Aura
» actions
| Assign group hotkey | 100 | |
| Basic commands | 135 | |
| Build / train | 60 | |
| Enter build submenu | 22 | |
| Enter hero's abilities submenu | 8 | |
| Right click | 201 | |
| Select / deselect | 279 | |
| Select group hotkey | 392 | |
| Use ability | 45 | |
1242 total
» units
| Peasant | 10 | |
| Rifleman | 13 | |
| Siege Engine | 14 | |
37 total
» upgrades
| Gunpowder | 3 | |
| Long Rifles | 1 | |
| Armor | 1 | |
| Barrage | 1 | |
6 total
» buildings
| Altar of Kings | 1 | |
| Farm | 13 | |
| Barracks | 2 | |
| Blacksmith | 1 | |
| Scout Tower | 3 | |
| Lumber Mill | 1 | |
| Guard Tower | 1 | |
| Keep | 1 | |
| Arcane Vault | 1 | |
| Castle | 1 | |
| Workshop | 2 | |
| Arcane Tower | 1 | |
| Town Hall | 1 | |
29 total
» build order
00:24 Altar of Kings
00:39 Farm
00:40 Farm
00:54 Barracks
01:46 Farm
02:10 Barracks
02:19 Farm
02:31 Blacksmith
02:53 Farm
03:46 Farm
03:55 Scout Tower
03:57 Scout Tower
04:28 Farm
05:02 Lumber Mill
05:23 Farm
06:36 Farm
06:39 Guard Tower
06:45 Keep
07:32 Farm
08:15 Farm
08:24 Arcane Vault
09:34 Castle
13:17 Workshop
13:26 Workshop
16:27 Farm
16:27 Farm
23:20 Scout Tower
23:58 Arcane Tower
24:46 Town Hall
» items
| Scroll of Speed | 1 | |
| Potion of Healing | 1 | |
| Scroll of Town Portal | 1 | |
| Lesser Clarity Potion | 1 | |
4 total
BiG_bOOtybOy (
pink | 87 APM | 2345 actions | 26:52)
10 Priestess of the Moon
3 Trueshot Aura
3 Scout
1 Starfall
3 Searing Arrows
» actions
| Assign group hotkey | 48 | |
| Basic commands | 208 | |
| Build / train | 88 | |
| Enter build submenu | 25 | |
| Enter hero's abilities submenu | 10 | |
| Give item / drop item | 2 | |
| Right click | 685 | |
| Select / deselect | 409 | |
| Select group hotkey | 799 | |
| Use ability | 71 | |
2345 total
» units
| Wisp | 24 | |
| Archer | 9 | |
| Druid of the Talon | 19 | |
| Chimaera | 9 | |
61 total
» upgrades
| Improved Bows | 1 | |
| Druid of the Talon Training | 2 | |
| Mark of the Talon | 1 | |
| Well Spring | 1 | |
| Corrosive Breath | 1 | |
| Strength of the Wild | 1 | |
7 total
» buildings
| Altar of Elders | 1 | |
| Moon Well | 10 | |
| Ancient of War | 3 | |
| Tree of Ages | 1 | |
| Tree of Life | 2 | |
| Tree of Eternity | 1 | |
| Ancient of Wind | 2 | |
| Chimaera Roost | 2 | |
| Hunter's Hall | 1 | |
23 total
» build order
00:18 Altar of Elders
00:21 Moon Well
01:11 Ancient of War
01:32 Moon Well
02:02 Ancient of War
02:05 Ancient of War
02:26 Moon Well
04:07 Tree of Ages
04:53 Tree of Life
06:29 Tree of Eternity
06:34 Ancient of Wind
06:35 Ancient of Wind
06:55 Moon Well
07:00 Moon Well
09:58 Chimaera Roost
11:12 Moon Well
11:23 Hunter's Hall
13:25 Chimaera Roost
14:53 Moon Well
15:43 Moon Well
20:14 Moon Well
20:20 Moon Well
22:38 Tree of Life
» items
| Scroll of Town Portal | 2 | |
| Scroll of Healing | 2 | |
| Scroll of Protection | 1 | |
| Potion of Lesser Invulnerability | 1 | |
| Boots of Speed | 1 | |
7 total
YEEEEEEEAAAAAAH (
teal | 59 APM | 1601 actions | 26:54)
9 Archmage
3 Summon Water Elemental
3 Blizzard
1 Mass Teleport
2 Brilliance Aura
» actions
| Assign group hotkey | 128 | |
| Basic commands | 66 | |
| Build / train | 92 | |
| Enter build submenu | 32 | |
| Enter hero's abilities submenu | 9 | |
| Remove unit from queue | 1 | |
| Right click | 529 | |
| Select / deselect | 316 | |
| Select group hotkey | 378 | |
| Use ability | 50 | |
1601 total
» units
| Peasant | 15 | |
| Footman | 16 | |
| Gryphon Rider | 17 | |
48 total
» upgrades
| Masonry | 3 | |
| Lumber Harvesting | 2 | |
| Swords | 3 | |
| Animal War Training | 1 | |
| Storm Hammers | 1 | |
| Armor | 3 | |
| Backpack | 1 | |
14 total
» buildings
| Altar of Kings | 1 | |
| Barracks | 1 | |
| Farm | 14 | |
| Lumber Mill | 1 | |
| Scout Tower | 9 | |
| Arcane Tower | 1 | |
| Town Hall | 1 | |
| Guard Tower | 8 | |
| Keep | 1 | |
| Arcane Vault | 1 | |
| Blacksmith | 1 | |
| Castle | 1 | |
| Gryphon Aviary | 2 | |
42 total
» build order
00:04 Altar of Kings
00:08 Barracks
00:11 Farm
01:23 Farm
02:12 Lumber Mill
02:24 Farm
02:43 Scout Tower
03:09 Arcane Tower
04:08 Town Hall
04:58 Scout Tower
05:01 Scout Tower
05:08 Scout Tower
05:26 Guard Tower
05:42 Guard Tower
06:27 Farm
06:37 Farm
07:16 Keep
07:18 Guard Tower
07:29 Scout Tower
07:42 Arcane Vault
08:10 Guard Tower
08:50 Blacksmith
09:00 Scout Tower
09:38 Castle
10:25 Gryphon Aviary
10:42 Guard Tower
11:23 Gryphon Aviary
15:23 Farm
15:34 Farm
16:10 Farm
16:11 Farm
17:05 Farm
19:04 Farm
19:20 Farm
20:42 Farm
20:43 Farm
23:38 Scout Tower
23:40 Scout Tower
23:41 Scout Tower
24:16 Guard Tower
24:38 Guard Tower
25:17 Guard Tower
» items
| Scroll of Regeneration | 2 | |
| Staff of Teleportation | 1 | |
| Boots of Speed | 1 | |
| Potion of Lesser Invulnerability | 1 | |
| Potion of Healing | 2 | |
| Orb of Fire | 1 | |
8 total
team 2 (loser)
mrxny (
purple | 49 APM | 1320 actions | 26:49)
4 Archmage
2 Summon Water Elemental
1 Brilliance Aura
1 Blizzard
3 Blood Mage
2 Flame Strike
1 Siphon Mana
2 Mountain King
1 Storm Bolt
1 Bash
» actions
| Build / train | 134 | |
| Enter build submenu | 38 | |
| Enter hero's abilities submenu | 9 | |
| Give item / drop item | 1 | |
| Remove unit from queue | 1 | |
| Right click | 432 | |
| Select / deselect | 583 | |
| Use ability | 122 | |
1320 total
» units
| Peasant | 20 | |
| Footman | 15 | |
| Dragonhawk Rider | 10 | |
| Gryphon Rider | 4 | |
| Centaur Outrunner | 2 | |
| Harpy Rogue | 2 | |
| Harpy Windwitch | 1 | |
| Razormane Medicine Man | 2 | |
| Knight | 2 | |
| Flying Machine | 2 | |
| Siege Engine | 2 | |
62 total
» upgrades
| Masonry | 3 | |
| Swords | 3 | |
| Lumber Harvesting | 2 | |
| Armor | 2 | |
| Animal War Training | 1 | |
| Cloud | 1 | |
12 total
» buildings
| Altar of Kings | 2 | |
| Farm | 19 | |
| Scout Tower | 7 | |
| Lumber Mill | 3 | |
| Arcane Tower | 8 | |
| Barracks | 1 | |
| Blacksmith | 1 | |
| Arcane Vault | 1 | |
| Guard Tower | 8 | |
| Keep | 1 | |
| Town Hall | 2 | |
| Gryphon Aviary | 2 | |
| Castle | 1 | |
56 total
» build order
01:10 Altar of Kings
01:22 Farm
01:30 Scout Tower
01:52 Lumber Mill
01:59 Arcane Tower
02:02 Barracks
02:06 Farm
02:22 Blacksmith
02:46 Farm
03:12 Arcane Vault
03:31 Scout Tower
04:01 Guard Tower
04:04 Farm
04:44 Farm
05:14 Keep
05:24 Farm
05:46 Scout Tower
06:09 Farm
06:22 Arcane Tower
06:51 Town Hall
07:27 Farm
07:49 Gryphon Aviary
08:15 Farm
09:24 Gryphon Aviary
09:25 Castle
10:14 Guard Tower
10:17 Guard Tower
10:19 Arcane Tower
11:13 Guard Tower
11:28 Lumber Mill
16:01 Guard Tower
16:16 Guard Tower
16:21 Guard Tower
16:51 Arcane Tower
17:17 Arcane Tower
18:48 Farm
18:59 Town Hall
19:36 Farm
20:16 Farm
20:55 Farm
21:02 Guard Tower
23:13 Farm
23:19 Altar of Kings
23:58 Farm
24:14 Scout Tower
24:33 Lumber Mill
24:42 Scout Tower
24:45 Farm
24:53 Arcane Tower
25:03 Farm
25:15 Arcane Tower
25:21 Scout Tower
25:27 Farm
25:49 Farm
26:09 Arcane Tower
26:32 Scout Tower
» items
| Circlet of Nobility | 2 | |
| Rod of Necromancy | 1 | |
| Ivory Tower | 17 | |
| Lesser Clarity Potion | 3 | |
| Scroll of Town Portal | 1 | |
| Scroll of Regeneration | 4 | |
| Orb of Fire | 1 | |
29 total
PaperTowelz (
red | 53 APM | 1190 actions | 22:14)
5 Paladin
3 Holy Light
2 Divine Shield
» actions
| Assign group hotkey | 24 | |
| Basic commands | 86 | |
| Build / train | 80 | |
| ESC pressed | 1 | |
| Enter build submenu | 22 | |
| Enter hero's abilities submenu | 5 | |
| Give item / drop item | 1 | |
| Right click | 317 | |
| Select / deselect | 423 | |
| Select group hotkey | 175 | |
| Use ability | 56 | |
1190 total
» units
| Peasant | 30 | |
| Footman | 6 | |
| Rifleman | 6 | |
| Mortar Team | 4 | |
| Knight | 8 | |
| Siege Engine | 4 | |
58 total
» upgrades
| Long Rifles | 1 | |
| Lumber Harvesting | 2 | |
| Flare | 1 | |
| Fragmentation Shards | 1 | |
| Animal War Training | 1 | |
| Gunpowder | 3 | |
| Barrage | 1 | |
10 total
» buildings
| Farm | 11 | |
| Altar of Kings | 1 | |
| Barracks | 1 | |
| Lumber Mill | 1 | |
| Scout Tower | 1 | |
| Arcane Tower | 1 | |
| Blacksmith | 1 | |
| Keep | 1 | |
| Arcane Vault | 2 | |
| Castle | 1 | |
| Workshop | 2 | |
| Town Hall | 1 | |
24 total
» build order
00:10 Farm
00:15 Altar of Kings
00:23 Barracks
00:52 Lumber Mill
01:17 Farm
01:46 Scout Tower
01:56 Farm
02:20 Arcane Tower
02:59 Farm
03:25 Blacksmith
04:08 Keep
04:44 Farm
05:32 Farm
06:13 Arcane Vault
07:24 Castle
07:31 Workshop
07:48 Arcane Vault
07:54 Farm
08:42 Farm
08:49 Workshop
11:26 Town Hall
16:00 Farm
16:43 Farm
17:38 Farm
» items
Gyifukisp (
yellow | 72 APM | 1940 actions | 26:52)
5 Death Knight
3 Death Coil
1 Death Pact
1 Unholy Aura
5 Lich
3 Frost Nova
2 Frost Armor
» actions
| Assign group hotkey | 42 | |
| Build / train | 66 | |
| Enter build submenu | 20 | |
| Enter hero's abilities submenu | 10 | |
| Give item / drop item | 3 | |
| Right click | 567 | |
| Select / deselect | 323 | |
| Select group hotkey | 791 | |
| Use ability | 118 | |
1940 total
» units
| Acolyte | 6 | |
| Ghoul | 3 | |
| Crypt Fiend | 9 | |
| Frost Wyrm | 8 | |
| Obsidian Statue | 5 | |
| Siege Engine | 2 | |
33 total
» upgrades
| Web | 1 | |
| Creature Carapace | 2 | |
| Creature Attack | 1 | |
| Destroyer Form | 1 | |
5 total
» buildings
| Altar of Darkness | 1 | |
| Ziggurat | 7 | |
| Crypt | 1 | |
| Tomb of Relics | 1 | |
| Graveyard | 1 | |
| Nerubian Tower | 1 | |
| Halls of the Dead | 1 | |
| Black Citadel | 1 | |
| Sacrificial Pit | 1 | |
| Boneyard | 2 | |
| Slaughterhouse | 1 | |
| Spirit Tower | 1 | |
| Barracks | 1 | |
20 total
» build order
00:10 Altar of Darkness
00:14 Ziggurat
00:36 Crypt
00:50 Tomb of Relics
01:13 Graveyard
01:29 Ziggurat
02:07 Nerubian Tower
04:08 Halls of the Dead
04:40 Ziggurat
05:15 Ziggurat
07:39 Black Citadel
07:55 Ziggurat
09:38 Sacrificial Pit
10:42 Boneyard
10:52 Boneyard
11:18 Ziggurat
13:19 Slaughterhouse
13:37 Ziggurat
16:13 Spirit Tower
23:18 Barracks
» items
| Rod of Necromancy | 2 | |
| Potion of Healing | 4 | |
| Orb of Corruption | 2 | |
| Staff of Sanctuary | 1 | |
| Scroll of Town Portal | 3 | |
12 total

»
jwoww (
orange | 49 APM | 1294 actions | 26:31)
4 Archmage
2 Blizzard
2 Brilliance Aura
3 Pit Lord
2 Rain of Fire
1 Cleaving Attack
2 Blood Mage
1 Flame Strike
1 Banish
» actions
| Assign group hotkey | 26 | |
| Build / train | 65 | |
| Enter build submenu | 22 | |
| Enter hero's abilities submenu | 10 | |
| Give item / drop item | 1 | |
| Remove unit from queue | 1 | |
| Right click | 836 | |
| Select / deselect | 255 | |
| Select group hotkey | 9 | |
| Use ability | 69 | |
1294 total
» units
| Peasant | 10 | |
| Footman | 2 | |
| Rifleman | 5 | |
| Gryphon Rider | 8 | |
| Dragonhawk Rider | 12 | |
37 total
» upgrades
| Lumber Harvesting | 2 | |
| Storm Hammers | 1 | |
| Gunpowder | 0 | |
| Swords | 3 | |
| Armor | 3 | |
9 total
» buildings
| Altar of Kings | 1 | |
| Farm | 11 | |
| Barracks | 1 | |
| Blacksmith | 1 | |
| Lumber Mill | 1 | |
| Keep | 1 | |
| Arcane Vault | 1 | |
| Castle | 1 | |
| Town Hall | 1 | |
| Gryphon Aviary | 2 | |
21 total
» build order
00:20 Altar of Kings
00:25 Farm
01:06 Farm
01:10 Farm
01:25 Barracks
01:49 Farm
02:08 Blacksmith
02:25 Farm
03:03 Farm
03:17 Lumber Mill
03:43 Keep
04:05 Farm
04:52 Arcane Vault
06:04 Farm
06:11 Castle
06:55 Town Hall
07:20 Gryphon Aviary
09:41 Gryphon Aviary
11:56 Farm
12:50 Farm
13:31 Farm
» items
| Scroll of Regeneration | 1 | |
| Scroll of Town Portal | 3 | |
4 total
Chat log
(00:22 / Allies) Suck.Bang.Blow.: unis
(00:27 / Allies) YEEEEEEEAAAAAAH: gryphons
(00:32 / Allies) Suck.Bang.Blow.: fast expo?
(00:43 / Allies) BiG_bOOtybOy: wizards
(01:54 / All) Suck.Bang.Blow.: hey there handsome
(03:24 / All) mrxny: fail
(03:35 / All) serphnt: OMG UR SO GOOD
(03:43 / All) Suck.Bang.Blow.: gj purp
(03:44 / All) Suck.Bang.Blow.: u own
(03:59 / All) mrxny: predictable nubs
(05:05 / Allies) Suck.Bang.Blow.: i get melee
(05:07 / Allies) Suck.Bang.Blow.: yall cover aa
(06:17 / Allies) BiG_bOOtybOy: tsay
(07:37 / Allies) Suck.Bang.Blow.: lets meet
(08:31 / Allies) YEEEEEEEAAAAAAH: wood please
(08:32 / All) mrxny: ahhhhhhhhhhhhhh
(08:53 / Allies) YEEEEEEEAAAAAAH: thanks
(09:11 / Allies) Suck.Bang.Blow.: my grunts all died
(09:37 / All) Suck.Bang.Blow.: gg
(09:59 / Allies) serphnt: GOLD PLZ
(10:23 / Allies) Suck.Bang.Blow.: b
(10:29 / Allies) BiG_bOOtybOy: imma hit top
(10:33 / Allies) Suck.Bang.Blow.: i need wood
(10:51 / Allies) Suck.Bang.Blow.: we all need wood lol
(11:02 / Allies) YEEEEEEEAAAAAAH: thanks blue
(11:03 / Allies) Suck.Bang.Blow.: ty teal gold plz
(11:12 / Allies) Suck.Bang.Blow.: ty
(12:05 / Allies) BiG_bOOtybOy: get tps
(12:24 / Allies) Suck.Bang.Blow.: blue ge ttp
(12:35 / Allies) Suck.Bang.Blow.: lol
(12:51 / All) Suck.Bang.Blow.: mass morts rofl
(13:01 / All) mrxny: why running? nubs
(13:46 / Allies) serphnt: getting tanks
(13:50 / Allies) YEEEEEEEAAAAAAH: k good
(13:58 / Allies) serphnt: they flared me
(14:00 / Allies) YEEEEEEEAAAAAAH: they probably will hit
(14:02 / Allies) Suck.Bang.Blow.: same
(14:36 / Allies) Suck.Bang.Blow.: ill tp in front u gotta kill air
(14:43 / Allies) Suck.Bang.Blow.: goo now
(15:32 / Allies) Suck.Bang.Blow.: daddy took the hits
(16:22 / Allies) serphnt: gold plz
(16:33 / Allies) YEEEEEEEAAAAAAH: wood please
(16:35 / Allies) serphnt: thnx
(16:38 / Allies) YEEEEEEEAAAAAAH: np
(16:42 / Allies) YEEEEEEEAAAAAAH: thank
(16:42 / Allies) YEEEEEEEAAAAAAH: s
(16:46 / Allies) serphnt: np
(16:56 / Allies) YEEEEEEEAAAAAAH: we should hit soon
(17:02 / Allies) Suck.Bang.Blow.: come here
(17:06 / Allies) Suck.Bang.Blow.: ill be ready
(17:13 / Allies) Suck.Bang.Blow.: expo
(17:18 / Allies) YEEEEEEEAAAAAAH: easy purp
(18:16 / All) mrxny: stfu starfall
(18:29 / All) mrxny: bye nubs
(19:45 / Allies) serphnt: ill tp with hero when he pops
(20:36 / Allies) YEEEEEEEAAAAAAH: counter
(20:38 / All) Suck.Bang.Blow.: red get more morts
(20:41 / Allies) serphnt: wait for tanks
(21:04 / Allies) BiG_bOOtybOy: go
(21:18 / Allies) serphnt: ill tp in
(21:23 / Allies) Suck.Bang.Blow.: all air tped ther
(22:17 / All) YEEEEEEEAAAAAAH: raped
(22:34 / All) Suck.Bang.Blow.: mass air
(22:38 / All) mrxny: and tanks, fags
(22:42 / All) YEEEEEEEAAAAAAH: pwnt
(22:44 / All) Suck.Bang.Blow.: wins every game
(22:44 / All) YEEEEEEEAAAAAAH: you clowns suck
(22:47 / All) Suck.Bang.Blow.: rofl mass morts
(22:49 / All) YEEEEEEEAAAAAAH: my team is pro
(23:00 / All) YEEEEEEEAAAAAAH: we barely had to try to rape you niggas
(23:06 / All) serphnt: have to adapt brajhh
(23:43 / All) Suck.Bang.Blow.: god u suck
(23:56 / Allies) BiG_bOOtybOy: ty
(24:05 / Allies) Suck.Bang.Blow.: i need some aa help
(24:25 / All) YEEEEEEEAAAAAAH: that expo was raped
(24:29 / Allies) serphnt: gold for hall
(24:30 / All) YEEEEEEEAAAAAAH: ud is a shit race just like you
(24:47 / Allies) Suck.Bang.Blow.: pink i kill ur archer for u
(24:58 / Allies) YEEEEEEEAAAAAAH: kill expos
(25:00 / Allies) YEEEEEEEAAAAAAH: starve them out
(25:28 / All) Suck.Bang.Blow.: just own them
(25:46 / Allies) YEEEEEEEAAAAAAH: hit from both sides
(25:47 / Allies) YEEEEEEEAAAAAAH: sandwich them
(26:06 / All) mrxny: stun comnig
(26:51 / All) YEEEEEEEAAAAAAH: rape